 Seeded DCSS version 0.30-a0-40-gc6d0f036a7 (webtiles) character file.

Game seed: 18168638616186862194 (custom seed)

2634 ravioli the Conjurer (level 9, -3/55 HPs)
             Began as an Octopode Conjurer on Aug 29, 2022.
             Was an Initiate of Vehumet.
             Slain by a gnoll
             ... wielding a +0 spear
             ... led by a gnoll bouda
              (8 damage)
             ... on level 8 of the Dungeon on Aug 30, 2022.
             The game lasted 00:39:28 (12607 turns).

ravioli the Conjurer (Octopode Conjurer)           Turns: 12607, Time: 00:39:28

Health: -3/55      AC:  1    Str: 13    XL:     9   Next: 61%
Magic:  21/26      EV: 13    Int: 24    God:    Vehumet [......]
Gold:   61         SH:  0    Dex: 10    Spells: 12/19 levels left

rFire   . . .      SeeInvis .      - Unarmed
rCold   . . .      Faith    .    (no shield)
rNeg    + . .      Spirit   .    (helmet restricted)
rPois   .          Reflect  .    c - amulet of regeneration
rElec   .          Harm     .    h - +6 ring of strength
rCorr   .          Rampage  .    m - ring of positive energy
Will    .....                    u - ring of magical power
Stlth   +++.......               (no ring)
HPRegen 0.98/turn                (no ring)
MPRegen 0.20/turn                (no ring)
                                 (no ring)
                                 (no ring)

@: lethally poisoned (-3 -> -10), about to teleport
A: almost no armour, amphibious, 8 rings, camouflage 1, gelatinous body 1,
(nimble swimmer 1), tentacles
a: Renounce Religion


You were on level 8 of the Dungeon.
You worshipped Vehumet.
Vehumet was noncommittal.
You visited 2 branches of the dungeon, and saw 9 of its levels.

You collected 341 gold pieces.
You spent 280 gold pieces at shops.

Inventory:

Missiles
 e - 2 throwing nets
Magical Staves
 p - a staff of earth
Jewellery
 c - an amulet of regeneration (around mantle)
 h - a +6 ring of strength (left tentacle)
 m - a ring of positive energy (right tentacle)
 u - a ring of magical power (on tentacle)
 C - an amulet of guardian spirit
Wands
 k - a wand of mindburst (3)
 o - a wand of polymorph (10)
Scrolls
 g - 2 scrolls of enchant weapon
 i - a scroll of teleportation
 l - 3 scrolls of noise
 r - a scroll of amnesia
 A - a scroll of immolation {unknown}
Potions
 a - a potion of magic
 b - a potion of degeneration
 d - a potion of experience {unknown}
 f - a potion of lignification
 n - a potion of brilliance {unknown}
 q - a potion of resistance {unknown}
 z - 2 potions of curing


   Skills:
 + Level 2.6 Fighting
 - Level 4.0 Dodging
 + Level 4.5 Stealth
 + Level 5.4 Unarmed Combat
 + Level 5.8 Spellcasting
 + Level 7.3 Conjurations
 * Level 4.8 Hexes
 + Level 1.3 Translocations
 + Level 1.1 Evocations


You had 12 spell levels left.
You knew the following spells:

 Your Spells              Type           Power      Damage    Failure   Level
a - Magic Dart            Conj           100%       1d8       1%          1
b - Fulminant Prism       Conj/Hex       18%        3d11      7%          4
c - Blink                 Tloc           26%        N/A       7%          2

Your spell library contained the following spells:

 Spells                   Type           Power      Damage    Failure   Level
 Searing Ray              Conj           84%        2d7       1%          2
 Dazzling Flash           Conj/Hex       72%        N/A       1%          3
 Scorch                   Fire           14%        2d6       12%         2
 Iskenderun's Mystic Bla  Conj/Tloc      27%        2d7       14%         4
 Flame Wave               Conj/Fire      24%        2d8       19%         4
 Manifold Assault         Tloc           13%        N/A       78%         5
 Dispersal                Tloc           6%         N/A       100%        6
 Summon Cactus Giant      Summ           3%         N/A       100%        6
 Storm Form               Tmut/Air       3%         N/A       100%        7
 Disjunction              Tloc           6%         N/A       100%        8


Dungeon Overview and Level Annotations

Branches:
Dungeon (8/15)             Temple (1/1) D:6            Lair (0/5) D:8

Altars:
Ashenzari
Cheibriados
Dithmenos
Elyvilon
Gozag
Hepliaklqana
Kikubaaqudgha
Makhleb
Nemelex Xobeh
Okawaru
Sif Muna
Trog
Uskayaw
Vehumet
Wu Jian
Xom
Yredelemnul
Zin
The Shining One

Shops:
D:3 =

Annotations:
D:4 3 runed translucent doors, gregwegmann's ghost, amateur DENe
D:6 1 runed translucent door, Crazy Yiuf
D:7 Maggie
D:8 Psyche


Innate Abilities, Weirdness & Mutations

You cannot wear most types of armour.
You are amphibious.
You can wear up to eight rings at the same time.
Your skin changes colour to match your surroundings (Stealth+).
Your rubbery body absorbs attacks. (AC +1, EV +1)
((You are camouflaged when in or above water. (Stealth+)))
You have tentacles for arms and can constrict up to eight enemies at once.


Message History

You tentacle-slap something. Your squeeze misses something.
You feel sick. Something hits you!
As you read the scroll of teleportation, it crumbles to dust.
You feel strangely unstable.
You feel sick. Something hits you. Something freezes you.
You hear some strange, mumbled words.
Really wriggle into that cloud of poison gas?
Something hits you.
* * * LOW HITPOINT WARNING * * *
You are engulfed in poison gas.
You are more poisoned.
* * * LOW HITPOINT WARNING * * *
You feel very sick.
Unknown command.
You feel better.
You are engulfed in poison gas.
You are poisoned.
* * * LOW HITPOINT WARNING * * *
You feel very sick. Something hits you.
* * * LOW HITPOINT WARNING * * *
Something freezes you.
* * * LOW HITPOINT WARNING * * *
You feel much better.
You are engulfed in poison gas.
You are more poisoned.
Your surroundings suddenly seem different.
A gnoll bouda and 4 gnolls come into view.
Found a club.
You feel extremely sick.
As you read the scroll of teleportation, it crumbles to dust.
You feel strangely unstable.
* * * LOW HITPOINT WARNING * * *
You feel very sick.
The gnoll shouts! x4; The gnoll bouda shouts!
The gnoll hits you with a +0 spear.
* * * LOW HITPOINT WARNING * * *
The gnoll attacks as you move away! The gnoll barely misses you.
* * * LOW HITPOINT WARNING * * *
You feel very sick.
The gnoll hits you from afar with a +0 spear!
You die...

##*************#### *****
..,,,,,,,,,,,,,...###### *,,,,
..####***#####*#g......# *,,,,
#....# *....).#.......# *,,,,
.....####......#.......##****,,,,
.....[[.............g..'.,,,,,,,,
..#<.#*********#@.gg.g.#******,,,
.o.[## #.......# *,,,
.o#.#**********####..### **,,
#.....,,,,,,,,,* *#.# ***
#.......,,,,,,,* *.#**
#.........,,,,,* *,.,*
#......###,,,,,* ***.********
#......# ******* *..,**,,,*
#......# ***,***,,***


You could see a gnoll bouda and 4 gnolls.

Vanquished Creatures
  A wyvern (D:8)
  Edmund (D:6)
  A water moccasin (D:4)
  An ice beast (D:4)
  An orc warrior (D:6)
  3 black bears
  A sky beast (D:6)
  3 ogres
  2 phantoms
  Blork the orc (D:5)
  A kobold brigand (D:7)
  A bullfrog (D:6)
  3 scorpions
  A howler monkey (D:7)
  8 hounds
  An orc priest (D:5)
  A gnoll bouda (D:4)
  2 jellies (D:6)
  4 orc wizards
  Natasha (twice) (D:2)
  3 iguanas
  2 scorpion zombies (D:4)
  7 adders
  5 gnolls
  2 shadow imps (D:6)
  A white imp (D:7)
  3 ufetubi (D:5)
  4 worms
  A dart slug (D:4)
  23 orcs
  7 endoplasms
  A giant cockroach (D:3)
  6 goblins
  5 hobgoblins
  15 jackals
  2 quokkas (D:1)
  7 ball pythons
  2 bats (D:1)
  3 frilled lizards (D:1)
  7 kobolds
  4 rats
149 creatures vanquished.

Vanquished Creatures (others)
  34 fulminant prisms
  2 plants (D:1)
36 creatures vanquished.

Grand Total: 185 creatures vanquished

Notes
Turn   | Place    | Note
-------+----------+-------------------------------------------
     0 | D:1      | ravioli the Octopode Conjurer began the quest for the Orb.
     0 | D:1      | Reached XP level 1. HP: 11/11 MP: 3/3
   213 | D:1      | Reached XP level 2. HP: 6/17 MP: 0/5
   721 | D:1      | Reached XP level 3. HP: 21/21 MP: 0/6
  1502 | D:1      | Found a faded altar of an unknown god.
  1809 | D:2      | Noticed Natasha
  1819 | D:2      | Killed Natasha
  1820 | D:2      | Reached skill level 5 in Conjurations
  1820 | D:2      | Reached XP level 4. HP: 20/27 MP: 4/7
  2005 | D:2      | Reached skill level 1 in Unarmed Combat
  2265 | D:2      | Noticed Natasha
  2271 | D:2      | Killed Natasha
  2597 | D:3      | Reached XP level 5. HP: 32/32 MP: 3/8
  2806 | D:3      | Found Erovobae's Jewellery Boutique.
  3794 | D:3      | Identified the +7 dagger "Vigaga" {spect, Fragile Str+3
                  | Int+6 Stlth+}
  3989 | D:4      | Found a runed translucent gate.
  3989 | D:4      | Found a runed translucent gate.
  3989 | D:4      | Found a runed translucent gate.
  3989 | D:4      | Noticed gregwegmann's ghost (amateur DENe)
  4117 | D:4      | Found a basalt altar of Yredelemnul.
  4134 | D:4      | Reached XP level 6. HP: 31/37 MP: 8/10
  4985 | D:4      | Learned a level 4 spell: Fulminant Prism
  5414 | D:4      | Reached skill level 1 in Fighting
  5536 | D:4      | Reached skill level 1 in Hexes
  5536 | D:4      | Reached XP level 7. HP: 30/43 MP: 1/12
  5813 | D:5      | Entered Level 5 of the Dungeon
  5879 | D:5      | Reached skill level 6 in Conjurations
  6687 | D:4      | Reached XP level 8. HP: 21/48 MP: 7/14
  6865 | D:4      | Learned a level 2 spell: Blink
  7930 | D:3      | Bought a ring of magical power for 280 gold pieces
  8049 | D:5      | Identified the +5 falchion of the Oily God {vorpal, Drain
                  | rElec Dex+6}
  8312 | D:6      | Noticed Blork the orc
  8327 | D:5      | Killed Blork the orc
  8328 | D:5      | Reached skill level 5 in Spellcasting
  8490 | D:6      | Reached skill level 1 in Evocations
  9387 | D:6      | Reached skill level 7 in Conjurations
  9508 | D:6      | Found a staircase to the Ecumenical Temple.
  9521 | Temple   | Entered the Ecumenical Temple
  9600 | D:6      | Noticed Edmund
  9626 | Temple   | Reached skill level 1 in Translocations
  9626 | Temple   | Reached XP level 9. HP: 38/54 MP: 16/16
  9668 | D:6      | Killed Edmund
 10032 | D:6      | Found an ancient bone altar of Kikubaaqudgha.
 10040 | D:6      | Found an ornate altar of the Wu Jian Council.
 10041 | D:6      | Found a glowing silver altar of Zin.
 10041 | D:6      | Found a shimmering blue altar of Sif Muna.
 10041 | D:6      | Found a radiant altar of Vehumet.
 10041 | D:6      | Found a glowing golden altar of the Shining One.
 10043 | D:6      | Found a bloodstained altar of Trog.
 10045 | D:6      | Found a sparkling altar of Nemelex Xobeh.
 10046 | D:6      | Found a burning altar of Makhleb.
 10050 | D:6      | Became a worshipper of Vehumet
 10696 | D:6      | Found a runed translucent door.
 10697 | D:6      | Noticed Crazy Yiuf
 10824 | D:7      | Reached skill level 5 in Unarmed Combat
 11402 | D:7      | Noticed Maggie
 12584 | D:8      | Noticed Psyche
 12607 | D:8      | Slain by a gnoll

Illustrated notes

Levels and vault maps discovered:
D:1:      dpeg_arrival_pits, layout_basic, dilly_ecumenical_altar_fadedgnrine
D:2:      layout_basic, minmay_distorted, uniq_natasha
D:3:      layout_basic, serial_shops, nicolae_shop_waterfront
D:4:      layout_gridville, nicolae_yredelemnul_ghost_church
D:5:      minmay_evil_eye, layout_rooms
D:6:      layout_basic, minitemple, minmay_temple_entry_ruins, serial_curves,
          eino_curves_02, eino_curves_03, minmay_checkerbox, uniq_edmund,
          uniq_blork_the_orc, uniq_crazy_yiuf_cottage
D:7:      layout_basic, uniq_maggie
D:8:      layout_basic, dpeg_lair_monsters, uniq_grum, uniq_psyche
Temple:   hellmonk_temple_rainy

Skill      XL: |  1  2  3  4  5  6  7  8  9 |
---------------+----------------------------+-----
Stealth        | 3 4 |  4.5
Conjurations   | 5 6 7 |  7.3
Unarmed Combat | 1 2 3 4 5 |  5.4
Spellcasting   | 3 4 5 |  5.8
Fighting       | 1 2 |  2.6
Hexes          | 1 2 3 4 |  4.8
Dodging        | 3 4 |  4.0
Evocations     | 1 |  1.1
Translocations | 1 |  1.3

Action                   |  1- 3 |  4- 6 |  7- 9 || total
-------------------------+-------+-------+-------++-------
Melee: Unarmed           |    29 |    87 |   121 ||   237
       Constrict         |     7 |    18 |    21 ||    46
       Tentacles         |     6 |    27 |    32 ||    65
       Punch             |       |     5 |     8 ||    13
       Staff             |       |       |     3 ||     3
 Cast: Magic Dart        |    49 |   109 |   103 ||   261
       Fulminant Prism   |       |     3 |    31 ||    34
       Blink             |       |       |     8 ||     8
Evoke: Wand              |       |       |     9 ||     9
  Use: Potion            |       |     4 |     8 ||    12
       Scroll            |       |     5 |     8 ||    13
Armor: Skin              |     4 |    28 |     9 ||    41
Dodge: Dodged            |    28 |    56 |   116 ||   200

Table legend: (Time is in decaauts)
 A = Elapsed time spent in this place.
 B = Non-inter-level travel time spent in this place.
 C = Inter-level travel time spent in this place.
 D = Time resting spent in this place.
 E = Time spent auto-exploring this place.
 F = Levels seen in this place.
 G = Mean time per level.
                   A        B        C        D        E       F      G
               +--------+--------+--------+--------+--------+-----+--------+
         Total |  12615 |  11821 |    794 |   5863 |   3828 |   9 | 1401.7 |
       Dungeon |  12554 |  11760 |    794 |   5835 |   3818 |   8 | 1569.2 |
        Temple |     61 |     61 |      0 |     28 |     10 |   1 |   61.0 |
               +--------+--------+--------+--------+--------+-----+--------+

Top non-repeatable levels by time:
     D:4: 2770 daAuts
     D:3: 2060 daAuts
     D:6: 1710 daAuts
     D:1: 1673 daAuts
     D:7: 1641 daAuts
     D:5: 1615 daAuts
     D:2: 932 daAuts
     D:8: 149 daAuts
  Temple: 61 daAuts
